Map: Ulrena

Players

Steisjo

  • Race: Protoss Protoss
  • League: Gold

Nice - Winner!

  • Race: Protoss Protoss

Event: DreamHack ZOWIE Open Leipzig

VOD

Have the link to the VOD?

Description

Time

  • Played on: Jan. 22, 2016, 10:59 a.m.
  • Length: 4:32

All games in this series

Show
View Real Time Build Order
Export as new Build Order

Steisjo Protoss 

Build Orders: Oracle Opening 

Get SALT Encoding   

  12  0:00  Probe (Chrono Boost)  
  13  0:11  Probe (Chrono Boost)  
  14  0:18  Pylon  
  14  0:22  Probe (Chrono Boost)  
  15  0:36  Probe (Chrono Boost)  
  15  0:37  Gateway  
  16  0:47  Probe (Chrono Boost)  
  17  0:50  Assimilator  
  17  0:56  Assimilator  
  17  0:57  Probe (Chrono Boost)  
  18  1:08  Gateway  
  18  1:13  Probe (Chrono Boost)  
  19  1:23  Probe (Chrono Boost)  
  19  1:24  Cybernetics Core  
  20  1:35  Pylon  
  20  1:36  Probe (Chrono Boost)  
  22  1:47  Probe (Chrono Boost)  
  22  2:00  Stalker  
  24  2:04  Mothership Core (Chrono Boost)  
  26  2:10  Pylon  
  26  2:15  Pylon  
  26  2:37  Stalker  
  28  2:47  Probe (Chrono Boost)  
  25  2:57  Probe (Chrono Boost)  
  23  3:04  Stalker (Chrono Boost)  
  25  3:08  Probe (Chrono Boost)  
  26  3:16  Stargate  
  26  3:22  Probe (Chrono Boost)  
  27  3:32  Probe (Chrono Boost)  
  30  3:43  Probe (Chrono Boost)  
  31  3:53  Probe (Chrono Boost)  
  32  3:59  Oracle (Chrono Boost)  
  33  4:04  Probe  
  34  4:19  Nexus  
Show
View Real Time Build Order
Export as new Build Order

Nice Protoss - Winner!

Build Orders: Oracle Opening 

Get SALT Encoding   

  12  0:08  Pylon  
  12  0:13  Probe (Chrono Boost)  
  13  0:23  Probe (Chrono Boost)  
  14  0:30  Gateway  
  14  0:34  Probe (Chrono Boost)  
  15  0:45  Probe (Chrono Boost)  
  15  0:46  Assimilator  
  16  0:51  Assimilator  
  16  0:56  Probe (Chrono Boost)  
  17  1:06  Probe (Chrono Boost)  
  18  1:17  Cybernetics Core, Probe (Chrono Boost)  
  19  1:27  Probe (Chrono Boost)  
  20  1:35  Pylon  
  20  1:38  Probe (Chrono Boost)  
  21  1:48  Probe (Chrono Boost)  
  22  1:59  Mothership Core (Chrono Boost)  
  24  2:01  Pylon  
  24  2:02  Pylon x2  
  24  2:11  Pylon  
  24  2:13  Pylon  
  24  2:17  Warp Gate (Chrono Boost)  
  24  2:24  Stalker  
  24  2:28  Probe  
  27  2:40  Probe  
  28  2:54  Stalker  
  28  2:56  Stargate  
  30  3:09  Pylon  
  30  3:27  Nexus  
  30  3:29  Pylon  
  30  3:39  Oracle (Chrono Boost)  
  30  3:41  Probe  
  34  3:53  Probe  
  35  3:59  Gateway  
  35  4:05  Probe  
  36  4:11  Pylon  
  36  4:14  Sentry  
  38  4:17  Probe (Chrono Boost)  
  39  4:28  Pylon  

Tags
 
Add a new tag
Caveats
  • Supply blocks, unpowered buildings, or Contaminate may cause inaccurate times.
  • Supply counts are checked every 10 seconds.